 Dungeon Crawl Stone Soup version 0.31-a0-659-gc5a091b79a (webtiles) character file.

Game seed: 6221282932940088714

736 GordonOverkill the Sneak (level 7, 0/41 HPs)
             Began as a Tengu Delver on Aug 31, 2023.
             Slain by Pikel
             ... wielding a +1 whip of flaming
              (1 damage)
             ... on level 5 of the Dungeon.
             The game lasted 00:16:02 (4394 turns).

GordonOverkill the Sneak (Tengu Delver)             Turns: 4394, Time: 00:16:03

Health: 0/41       AC:  5    Str: 13    XL:     7   Next: 74%
Magic:  12/12      EV: 14    Int: 12    God:
Gold:   217        SH:  0    Dex: 21    Spells: 11/11 levels left

rFire   . . .        a - +1 hand axe (venom)
rCold   . . .        (no shield)
rNeg    . . .        b - +0 leather armour
rPois   .            F - +0 hat
rElec   .            E - +0 cloak
rCorr   .            m - +0 pair of gloves
SInv    .            (boots unavailable)
Will    .....        (no amulet)
Stlth   +++          i - +6 ring of dexterity
HPRegen 0.26/turn    (no ring)
MPRegen 0.13/turn

%: acrobat
@: no status effects
A: beak, talons 3, acrobatic flight
a: no special abilities


You were on level 5 of the Dungeon.
You visited 1 branch of the dungeon, and saw 6 of its levels.

You collected 217 gold pieces.

Inventory:

Hand Weapons
 a - a +1 hand axe of venom (weapon)
Missiles
 h - 6 boomerangs (quivered)
 q - 3 poisoned darts
Armour
 b - a +0 leather armour (worn)
 m - a +0 pair of gloves (worn)
 t - the +0 robe of the Butterfly {rF+ rC+ Dex+2 Stlth-}
   (You found it on level 3 of the Dungeon)

   Dex+2:     It affects your dexterity (+2).
   rF+:       It protects you from fire.
   rC+:       It protects you from cold.
   Stlth-:    It makes you less stealthy.
 E - a +0 cloak (worn)
 F - a +0 hat (worn)
Magical Staves
 l - a staff of poison
 H - a staff of cold
Jewellery
 i - a +6 ring of dexterity (left hand)
 n - an amulet of faith
Wands
 g - a wand of digging (8)
 s - a wand of flame (15)
Scrolls
 c - 3 scrolls of fog
 d - 2 scrolls of revelation
 e - a scroll of fear
 j - a scroll of amnesia {unknown}
 k - a scroll of blinking
 o - 3 scrolls of identify {unknown}
 x - a scroll of noise {unknown}
 y - a scroll of enchant weapon {unknown}
 z - a scroll of enchant armour {unknown}
 B - a scroll of teleportation {unknown}
 J - a scroll of torment {unknown}
Potions
 f - a potion of haste
 p - 2 potions of lignification {unknown}
 r - a potion of mutation {unknown}
 u - a potion of might {unknown}
 v - a potion of resistance {unknown}
 w - 2 potions of heal wounds {unknown}
 A - a potion of degeneration {unknown}
 C - a potion of enlightenment {unknown}
 D - 2 potions of ambrosia {unknown}
 G - a potion of berserk rage {unknown}
 I - a potion of curing {unknown}


   Skills:
 - Level 3.0 Fighting
 - Level 4.2(5.0) Axes
 - Level 4.0(4.8) Polearms
 - Level 1.0 Throwing
 - Level 4.0 Dodging
 - Level 5.0 Stealth
 + Level 2.9 Spellcasting
 - Level 5.0 Summonings


You had 11 spell levels left.
You didn't know any spells.
Your spell library contained the following spells:

 Spells                   Type           Power      Damage    Failure   Level
 Tukima's Dance           Hex            1%         N/A       67%         3
 Cause Fear               Hex            0%         N/A       97%         4
 Passage of Golubria      Tloc           1%         N/A       97%         4
 Summon Forest            Summ/Tloc      3%         N/A       97%         5
 Summon Mana Viper        Hex/Summ       7%         N/A       97%         5
 Summon Cactus Giant      Summ           6%         N/A       99%         6
 Fireball                 Conj/Fire      0%         3d3       100%        5
 Yara's Violent Unravell  Hex/Tmut       0%         3d3       100%        5
 Dragon's Call            Summ           6%         N/A       100%        9


Dungeon Overview and Level Annotations

Branches:
Dungeon (6/15)             Temple (0/1) D:5

Altars:
Elyvilon

Shops:
D:5 !

Annotations:
D:3 Ijyb
D:4 1 runed translucent door, disskorpion's ghost, novice OpFi
D:5 exclusion: scorpion, Pikel


Innate Abilities, Weirdness & Mutations

You have a beak for a mouth.
You have claws for feet.
You fly and can evade attacks while moving or waiting.


Message History

The lemure hits you but does no damage.
You hit the lemure but do no damage.
The lemure looks as sick as possible!
Your kick misses the lemure.
The lemure is severely wounded.
Pikel says, "You'll make a fine lemure."
You hit the lemure but do no damage.
The lemure looks as sick as possible!
You peck the lemure, but do no damage.
The lemure is almost dead.
You completely miss the lemure.
You kill the lemure!
That felt strangely unrewarding.
You hit Pikel but do no damage.
Pikel is poisoned.
Your kick misses Pikel. You peck Pikel, but do no damage. You hit the lemure.
The lemure closely misses you.
Pikel hits you with a +1 whip of flaming!
Pikel burns you.
* * * LOW HITPOINT WARNING * * *
You barely miss Pikel. You claw Pikel. Your peck misses Pikel.
Pikel is lightly wounded.
You closely miss the lemure. The lemure hits you.
* * * LOW HITPOINT WARNING * * *
Pikel hits you with a +1 whip of flaming!
* * * LOW HITPOINT WARNING * * *
Pikel burns you.
* * * LOW HITPOINT WARNING * * *
You barely miss Pikel. You claw Pikel, but do no damage.
Pikel is lightly wounded.
You barely miss the lemure. The lemure hits you.
* * * LOW HITPOINT WARNING * * *
Pikel hits you but does no damage.
You hit Pikel but do no damage.
Pikel looks even sicker.
You peck Pikel, but do no damage.
Pikel is lightly wounded.
You hit the lemure.
The lemure is poisoned.
The lemure hits you!
* * * LOW HITPOINT WARNING * * *
Pikel hits you with a +1 whip of flaming.
* * * LOW HITPOINT WARNING * * *
Pikel burns you.
You die...
Pikel says, "See you in Hell!"

#...# #..#.....#.#.#888#h##
#...# #........#.#†8...8... ..
#...#####.##.....#.#.8.>...##
#s
#...............##.#.8...8.#
###.#.####5###......#.#888#.##
#.......... ##.........†.†...
#.......##.#########.....#####
#.....#....5K5# #.....#
###...#.....#@# ##...##
#...K.....#.## #####
#..###.#.....# #........##..#
#.####.####..# ... #.......#
... #######.# #.# ####.####


You could see Pikel (very poisoned) and 2 lemures.

Vanquished Creatures
  Sigmund (D:2)
  2 lemures
  2 scorpions
  2 hounds
  A jelly (D:4)
  An iguana (D:4)
  Jessica (D:2)
  2 orc wizards
  Natasha (thrice) (D:3)
  6 adders
  An ufetubus (D:5)
  2 worms (D:3)
  A dart slug (D:2)
  12 orcs
  9 ball pythons
  5 endoplasms
  4 giant cockroaches
  12 goblins
  3 hobgoblins
  8 jackals
  9 kobolds
  5 quokkas
  5 bats
  A frilled lizard (D:3)
  6 rats
104 creatures vanquished.

Notes
Turn   | Place    | Note
-------+----------+-------------------------------------------
     0 | D:5      | GordonOverkill the Tengu Delver began the quest for the
                  | Orb.
     0 | D:5      | Reached XP level 1. HP: 14/14 MP: 2/2
     4 | D:6      | Noticed a wight
     4 | D:6      | Noticed a wight
    20 | D:6      | Reached XP level 2. HP: 16/19 MP: 3/3
   204 | D:5      | Noticed a scorpion
   361 | D:5      | Reached skill level 1 in Throwing
   361 | D:5      | Reached XP level 3. HP: 22/23 MP: 4/4
   393 | D:5      | Found Zerot Wae's Distillery.
   789 | D:4      | Reached XP level 4. HP: 7/28 MP: 5/5
   938 | D:4      | Found a runed translucent door.
   942 | D:4      | Noticed disskorpion's ghost (novice OpFi)
  1024 | D:4      | Reached skill level 1 in Axes
  1220 | D:4      | Gained mutation: You fly and can evade attacks while moving
                  | or waiting. [Tengu growth]
  1220 | D:4      | Reached XP level 5. HP: 14/32 MP: 6/6
  1325 | D:3      | Noticed Natasha
  1329 | D:3      | Killed Natasha
  1388 | D:3      | Noticed Natasha
  1396 | D:3      | Killed Natasha
  1447 | D:3      | Noticed Natasha
  1493 | D:3      | Killed Natasha
  1494 | D:3      | Reached XP level 6. HP: 17/37 MP: 7/7
  1585 | D:3      | Identified the +0 robe of the Butterfly {rF+ rC+ Dex+2
                  | Stlth-}
  1604 | D:3      | Noticed Ijyb
  2851 | D:2      | Noticed Jessica
  2857 | D:2      | Killed Jessica
  2898 | D:2      | Noticed Sigmund
  2938 | D:2      | Killed Sigmund
  2939 | D:2      | Reached XP level 7. HP: 22/41 MP: 8/11
  3559 | D:3      | Found a white marble altar of Elyvilon.
  3613 | D:3      | Found a faded altar of an unknown god.
  3987 | D:5      | Noticed Pikel
  4238 | D:5      | Found a staircase to the Ecumenical Temple.
  4247 | D:5      | Reached skill level 5 in Summonings
  4394 | D:5      | HP: 1/41 [Pikel/+1 whip of flaming (4)]
  4394 | D:5      | Slain by Pikel

Illustrated notes

Levels and vault maps discovered:
D:1:      minmay_arrival_five_plusses, layout_basic
D:2:      layout_loops_ring, serial_bayou, serial_bayou_pond_a,
          serial_bayou_lagoon_b, serial_bayou_pond_d, serial_bayou_pond_e,
          kennysheep_jessica_study, uniq_sigmund
D:3:      layout_basic, elyvilon_altar_5, basic_ecumenical_altar, uniq_ijyb,
          uniq_natasha
D:4:      layout_rooms, ebering_ghost_inner_flame
D:5:      minmay_evil_eye, layout_loops_cross, ashenzari_altar_1,
          minmay_temple_entry_statues, kennysheep_small_square, uniq_pikel,
          uniq_crazy_yiuf_cottage
D:6:      layout_loops_ring, serial_shops, shop, st_stairs_11

Skill      XL: |  1  2  3  4  5  6  7 |
---------------+----------------------+-----
Polearms       | 3 4 |  4.0
Throwing       | 1 |  1.0
Dodging        | 3 4 |  4.0
Axes           | 2 4 |  4.2
Spellcasting   | 2 |  2.9
Summonings     | 3 5 |  5.0
Fighting       | |  3.0
Stealth        | |  5.0

Action                     |  1- 3 |  4- 6 |  7- 9 || total
---------------------------+-------+-------+-------++-------
  Melee: Spear             |    40 |     3 |       ||    43
         Kick              |    12 |    34 |    21 ||    67
         Peck              |     5 |    19 |    19 ||    43
         Hand axe          |       |   109 |    78 ||   187
         Trident           |       |     4 |       ||     4
         Punch             |       |     3 |     2 ||     5
  Evoke: Wand              |       |       |     1 ||     1
    Use: Scroll            |       |     1 |       ||     1
   Stab: Sleeping          |     2 |    16 |     5 ||    23
         Distracted        |       |     1 |     2 ||     3
 Armour: Leather armour    |    19 |    46 |    43 ||   108
  Dodge: Dodged            |    23 |    61 |    65 ||   149

Table legend: (Time is in decaauts)
 A = Elapsed time spent in this place.
 B = Non-inter-level travel time spent in this place.
 C = Inter-level travel time spent in this place.
 D = Time resting spent in this place.
 E = Time spent auto-exploring this place.
 F = Levels seen in this place.
 G = Mean time per level.
                   A        B        C        D        E       F      G
               +--------+--------+--------+--------+--------+-----+--------+
         Total |   4443 |   4193 |    250 |    937 |   1562 |   6 |  740.5 |
       Dungeon |   4443 |   4193 |    250 |    937 |   1562 |   6 |  740.5 |
               +--------+--------+--------+--------+--------+-----+--------+

Top non-repeatable levels by time:
     D:4: 1060 daAuts
     D:1: 1017 daAuts
     D:2: 988 daAuts
     D:5: 666 daAuts
     D:3: 598 daAuts
     D:6: 112 daAuts
